 Dungeon Crawl Stone Soup version 0.31-a0-256-g80acddb972 (webtiles) character file.

Game seed: 13570158341066878035

791 Morbidden the Cudgeller (level 7, -5/41 HPs)
             Began as a Gargoyle Shapeshifter on July 13, 2023.
             Was an Initiate of Cheibriados.
             Slain by Menkaure (8 damage)
             ... on level 6 of the Dungeon.
             The game lasted 00:04:05 (5213 turns).

Morbidden the Cudgeller (Gargoyle Shapeshifter)     Turns: 5213, Time: 00:04:05

Health: -5/41      AC: 13    Str: 22    XL:     7   Next: 88%
Magic:  7/7        EV:  9    Int:  9    God:    Cheibriados [......]
Gold:   269        SH:  0    Dex: 11    Spells: 6/6 levels left

rFire   . . .        b - +2 flail (drain)
rCold   . . .        (no shield)
rNeg    + . .        o - +0 chain mail
rPois   ∞            (helmet currently unavailable)
rElec   +            p - melded +0 cloak
rCorr   .            (gloves currently unavailable)
SInv    .            r - melded +0 pair of boots
Will    .....        (no amulet) Stlth
                     (no ring)
HPRegen 0.26/turn    (no ring)
MPRegen 0.10/turn

%: no passive effects
@: beast-form, very slow
A: beast (slay +2), sickness immunity, AC +4, negative energy resistance 1,
electricity resistance, torment resistance 1, petrification resistance
a: Renounce Religion


You were on level 6 of the Dungeon.
You worshipped Cheibriados.
Cheibriados was noncommittal.
You were a hulking beast.
You visited 2 branches of the dungeon, and saw 7 of its levels.

You collected 269 gold pieces.

Inventory:

Hand Weapons
 a - a +2 whip of venom
 b - a +2 flail of draining (weapon)
 C - a +0 morningstar
Missiles
 y - 9 poisoned darts (quivered)
 D - 2 boomerangs
Armour
 o - a +0 chain mail (worn)
 p - a +0 cloak (melded)
 r - a +0 pair of boots (melded)
Talismans
 c - a beast talisman
 F - a maw talisman
Wands
 G - a wand of flame (14)
Scrolls
 f - 5 scrolls of identify {unknown}
 l - 2 scrolls of teleportation {unknown}
 m - 3 scrolls of fear {unknown}
 q - a scroll of immolation {unknown}
 t - 2 scrolls of revelation {unknown}
 u - a scroll of vulnerability {unknown}
 v - a scroll of blinking {unknown}
 B - 2 scrolls of enchant armour {unknown}
 E - a scroll of poison {unknown}
Potions
 d - a potion of magic {unknown}
 e - a potion of attraction {unknown}
 g - a potion of mutation {unknown}
 h - 2 potions of haste {unknown}
 i - 3 potions of curing {unknown}
 j - 2 potions of degeneration {unknown}
 k - a potion of heal wounds {unknown}
 n - a potion of cancellation {unknown}
 s - a potion of berserk rage {unknown}
 w - a potion of ambrosia {unknown}
 x - a potion of enlightenment {unknown}
 z - a potion of brilliance {unknown}
 A - a potion of lignification


   Skills:
 * Level 3.5 Fighting
 * Level 4.6 Maces & Flails
 + Level 0.7 Throwing
 + Level 3.1 Armour
 * Level 2.5 Dodging
 + Level 0.1 Stealth
 * Level 3.8 Unarmed Combat
 * Level 3.4 Shapeshifting


You had 6 spell levels left.
You didn't know any spells.
Your spell library contained the following spells:

 Spells                   Type           Power      Damage    Failure   Level
 Poisonous Vapours        Pois/Air       0%         N/A       99%         2
 Ignite Poison            Fire/Tmut/Pois 0%         N/A       100%        3
 Mephitic Cloud           Conj/Pois/Air  0%         N/A       100%        3
 Sticky Flame             Conj/Fire      0%         2d3       100%        4
 Freezing Cloud           Conj/Ice/Air   0%         6-21      100%        5
 Ignition                 Fire           0%         3d3       100%        8


Dungeon Overview and Level Annotations

Branches:
Dungeon (6/15)             Temple (1/1) D:5

Altars:
Cheibriados
Elyvilon
Sif Muna
Uskayaw

Annotations:
D:6 Menkaure


Innate Abilities, Weirdness & Mutations

You are a hulking beast.
Your limbs bulge with bestial killing power. (Slay +2)
You are immune to sickness and miasma.
Your stone body is resilient. (AC +4)
You are immune to poison.
You resist negative energy. (rN+)
You are resistant to electric shocks. (rElec)
You are resistant to unholy torment.
You are immune to petrification.


Message History

Found a rapier.
No target in view!
You see here a +0 rapier.
You open the door.
Found a dagger.
Found a stone staircase leading up.
Menkaure, Prince of Dust comes into view.
Menkaure shouts!
Menkaure hits you.
You hit Menkaure.
Menkaure is lightly damaged.
Menkaure's bandages flutter.
Menkaure hits you but does no damage.
You hit Menkaure.
Menkaure is lightly damaged.
Menkaure points at you and mumbles some strange words.
Pain shoots through your body!
You sock Menkaure!
Menkaure is heavily damaged.
Menkaure hits you!
You are too injured to fight recklessly!
You are too injured to fight recklessly!
Unknown command.
You are too injured to fight recklessly!
Unknown command.
You are too injured to fight recklessly!
You are too injured to fight recklessly!
Unknown command.
You hit Menkaure.
Menkaure is heavily damaged.
Menkaure hits you!
* * * LOW HITPOINT WARNING * * *
Unknown command.
Aiming: Throw Flame
Press: ? - help, Shift-Dir - straight line, f - Menkaure
Aim: Menkaure (heavily damaged, 85% to hit)
The puff of flame hits Menkaure.
Menkaure is burned terribly!
Menkaure is severely damaged.
Menkaure hits you!
You die...

#...............
#........##....<
#........## ....
#####.....# ...
#####....#.# .
#..........###..
#...............
#....?......##
....###.#.h...#
.... #.###M...#
... ... .....#
.. ##.# .......
..# .#.#... ..
.#.. .. .# ## #
##


You could see Menkaure.

Vanquished Creatures
  A sky beast (D:6)
  A phantom (D:4)
  3 scorpions
  2 hounds
  An orc priest (D:5)
  A jelly (D:5)
  2 iguanas
  Natasha (thrice) (D:3)
  2 orc wizards
  3 adders (D:4)
  2 ufetubi
  A worm (D:2)
  5 dart slugs
  18 orcs
  10 endoplasms
  4 giant cockroaches
  3 goblins
  3 hobgoblins
  6 jackals
  6 kobolds
  2 quokkas (D:1)
  6 ball pythons
  4 bats
  4 frilled lizards
  2 rats (D:2)
95 creatures vanquished.

Notes
Turn   | Place    | Note
-------+----------+-------------------------------------------
     0 | D:1      | Morbidden the Gargoyle Shapeshifter began the quest for the
                  | Orb.
     0 | D:1      | Reached XP level 1. HP: 12/12 MP: 1/1
   268 | D:1      | You fall into a shaft and drop 1 floor!
   282 | D:2      | Reached XP level 2. HP: 7/17 MP: 2/2
   685 | D:1      | Reached XP level 3. HP: 19/22 MP: 3/3
   879 | D:1      | Reached skill level 1 in Maces & Flails
  2188 | D:3      | Reached XP level 4. HP: 19/27 MP: 4/4
  2382 | D:3      | Reached skill level 2 in Maces & Flails
  2643 | D:3      | Reached skill level 1 in Armour
  2643 | D:3      | Reached XP level 5. HP: 18/31 MP: 5/5
  2718 | D:3      | Noticed Natasha
  2720 | D:3      | Killed Natasha
  2901 | D:3      | Noticed Natasha
  2909 | D:3      | Killed Natasha
  3158 | D:3      | Noticed Natasha
  3165 | D:3      | Killed Natasha
  3405 | D:4      | Reached XP level 6. HP: 27/36 MP: 6/6
  3666 | D:4      | Reached skill level 3 in Maces & Flails
  4139 | D:4      | Reached XP level 7. HP: 41/41 MP: 7/7
  4215 | D:5      | Entered Level 5 of the Dungeon
  4387 | D:5      | Found a staircase to the Ecumenical Temple.
  4396 | Temple   | Entered the Ecumenical Temple
  4489 | Temple   | Became a worshipper of Cheibriados the Contemplative
  4565 | D:5      | Reached skill level 4 in Maces & Flails
  5205 | D:6      | Noticed Menkaure
  5213 | D:6      | Slain by Menkaure

Illustrated notes

Levels and vault maps discovered:
D:1:      dpeg_arrival_tiny_b, layout_basic
D:2:      layout_loops_ring
D:3:      layout_basic, uniq_natasha
D:4:      layout_loops_ring
D:5:      layout_loops_ring, minmay_temple_entry_water_ring,
          chequers_serial_rivers_small_b
D:6:      layout_basic, uniq_menkaure
Temple:   mainiacjoe_temple_cubbyholes

Skill      XL: |  1  2  3  4  5  6  7 |
---------------+----------------------+-----
Maces & Flails | 1 2 3 4 |  4.6
Dodging        | 2 |  2.5
Shapeshifting  | 3 |  3.4
Armour         | 1 2 3 |  3.1
Unarmed Combat | 3 |  3.8
Fighting       | 3 |  3.5
Throwing       | |  0.7
Stealth        | |  0.1

Action                     |  1- 3 |  4- 6 |  7- 9 || total
---------------------------+-------+-------+-------++-------
  Melee: Whip              |    97 |    90 |       ||   187
         Unarmed           |     6 |       |       ||     6
         Punch             |     1 |     4 |       ||     5
         Flail             |       |    45 |    55 ||   100
  Throw: Dart              |       |     5 |       ||     5
  Evoke: Wand              |       |       |     1 ||     1
 Armour: Animal skin       |    16 |       |       ||    16
         Chain mail        |    18 |    91 |    41 ||   150
  Dodge: Dodged            |    57 |    49 |    25 ||   131
   Form: Beast             |       |       |     1 ||     1
         Maw               |       |       |     1 ||     1

Table legend: (Time is in decaauts)
 A = Elapsed time spent in this place.
 B = Non-inter-level travel time spent in this place.
 C = Inter-level travel time spent in this place.
 D = Time resting spent in this place.
 E = Time spent auto-exploring this place.
 F = Levels seen in this place.
 G = Mean time per level.
                   A        B        C        D        E       F      G
               +--------+--------+--------+--------+--------+-----+--------+
         Total |   5419 |   5159 |    260 |    728 |   3695 |   7 |  774.1 |
       Dungeon |   5286 |   5065 |    221 |    728 |   3626 |   6 |  881.0 |
        Temple |    133 |     95 |     38 |      0 |     69 |   1 |  133.0 |
               +--------+--------+--------+--------+--------+-----+--------+

Top non-repeatable levels by time:
     D:2: 1304 daAuts
     D:3: 1160 daAuts
     D:4: 970 daAuts
     D:5: 919 daAuts
     D:1: 793 daAuts
     D:6: 137 daAuts
  Temple: 133 daAuts
